 Dungeon Crawl Stone Soup version 0.30.0-29-ga12c61a403 (webtiles) character file.

Game seed: 14162032568044945633

3044 hawla the Arsonist (level 10, -16/71 HPs)
             Began as a Meteoran Fire Elementalist on June 4, 2023.
             Was a Follower of Vehumet.
             Demolished by a death yak (26 damage)
             ... on level 8 of the Dungeon.
             The game lasted 00:16:06 (2580 turns).

hawla the Arsonist (Meteoran Fire Elementalist)     Turns: 2580, Time: 00:16:07

Health: -16/71     AC:  4    Str: 10    XL:     10   Next: 32%
Magic:  6/17       EV: 13    Int: 22    God:    Vehumet [*.....]
Gold:   207        SH:  5    Dex: 14    Spells: 10/17 levels left

rFire   . . .        h - +0 flail
rCold   . . .        d - orb {*channel}
rNeg    . . .        a - +0 robe
rPois   .            (no helmet)
rElec   .            m - +0 cloak
rCorr   .            (no gloves)
SInv    .            q - +0 pair of boots
Will    +....        n - amulet of reflection
Stlth   +            (no ring)
HPRegen 0.31/turn    (no ring)
MPRegen 0.15/turn

%: reflection, channel magic (20%)
@: about to teleport, glowing
A: sense surroundings 2, otherworldly, glowing, explore regen
a: Renounce Religion


You were on level 8 of the Dungeon.
You worshipped Vehumet.
Vehumet was aware of your devotion.
You visited 2 branches of the dungeon, and saw 9 of its levels.

You collected 207 gold pieces.

Inventory:

Hand Weapons
 h - a +0 flail (weapon)
Missiles
 l - 3 poisoned darts (quivered)
Armour
 a - a +0 robe (worn)
 d - an orb of energy (worn)
 m - a +0 cloak (worn)
 q - a +0 pair of boots (worn)
Jewellery
 n - an amulet of reflection (around neck)
Wands
 i - a wand of polymorph (13)
 j - a wand of roots (6)
 p - a wand of mindburst (8)
 t - a wand of flame (21)
Scrolls
 c - 2 scrolls of identify
 g - 2 scrolls of poison {unknown}
 r - a scroll of fog {unknown}
 s - a scroll of immolation {unknown}
Potions
 b - 2 potions of haste
 e - 2 potions of resistance
 k - 3 potions of might
 o - a potion of curing


   Skills:
 + Level 1.0 Fighting
 + Level 0.2 Maces & Flails
 + Level 6.0 Throwing
 + Level 3.0 Dodging
 - Level 1.4 Stealth
 + Level 4.4 Spellcasting
 + Level 8.3 Conjurations
 + Level 11.5 Fire Magic
 + Level 3.0 Evocations


You had 10 spell levels left.
You knew the following spells:

 Your Spells              Type           Power      Damage    Failure   Level
a - Foxfire               Conj/Fire      100%       2x1d9     2%          1
b - Scorch                Fire           100%       2d9       1%          2
c - Flame Wave            Conj/Fire      48%        2d12      8%          4

Your spell library contained the following spells:

 Spells                   Type           Power      Damage    Failure   Level
 Shock                    Conj/Air       92%        1d8       8%          1
 Inner Flame              Hex/Fire       30%        N/A       11%         3
 Volatile Blastmotes      Fire/Tloc      60%        2d15      11%         3
 Beastly Appendage        Tmut           8%         N/A       26%         1
 Wereblood                Tmut           4%         N/A       34%         2
 Spider Form              Tmut/Pois      4%         N/A       54%         3


Dungeon Overview and Level Annotations

Branches:
Dungeon (8/15) Zot: 2274   Temple (1/1) D:6 Zot: 530    Lair (0/5) D:8

Altars:
Ashenzari
Dithmenos
Elyvilon
Fedhas
Hepliaklqana
Makhleb
Nemelex Xobeh
Sif Muna
Trog
Vehumet
Xom
Yredelemnul


Innate Abilities, Weirdness & Mutations

You passively map the area around you.
You are easily found by Zot.
You glow in the dark.
You regain HP and MP as you explore.


Message History

(Press . to intensify the flame waves.)
You block the yak's attack.
Unknown command.
A wave of flame ripples out!
The flame wave engulfs the yak!!
You kill the yak!
Vehumet accepts your kill.
You can now gain magical power from killing.
Vehumet offers you knowledge of Shock.
The flame wave engulfs the death yak but does no damage.
The death yak is lightly wounded.
The flame wave engulfs the death yak!
The death yak is moderately wounded.
The death yak gores you!
Your Fighting skill increases to level 1!
Your Dodging skill increases to level 3!
A wave of flame ripples out!
The flame wave engulfs the death yak!
The death yak is moderately wounded.
The flame wave engulfs the death yak!
The death yak is moderately wounded.
The flame wave engulfs the yak.
The yak is moderately wounded.
You finish channelling waves of flame.
The death yak gores you!
As you read the scroll of teleportation, it crumbles to dust.
You feel strangely unstable. The death yak gores you.
The death yak closely misses you.
Casting: Flame Wave (dangerous; 8% risk of failure)
Confirm with . or Enter, or press ? or * to list all spells.
Casting: Flame Wave (dangerous; 8% risk of failure)
Press: ? - help, Dir - look around, f - activate A wave of flame ripples out!
The flame wave engulfs the death yak!
The death yak is heavily wounded.
The flame wave engulfs the death yak!
The death yak is heavily wounded.
The flame wave engulfs the yak!
The yak is heavily wounded. (Press . to intensify the flame waves.)
The yak closely misses you. The death yak gores you!
* * * LOW HITPOINT WARNING * * *
The death yak gores you!!
You die...

###############
#.............#######
#.............#......
#.............#......
#.............#......
#.............#......
#...YY........#......
*#...@Yo..Y....###...#
,##########†.....###'# ,,
.....#......#.... *
......YYY....#.... , ,
.........)...'....
.......).....#....
,#.......#........#.... # *###
#...o#.>..........##..#
,..##..###.....#.............#..#


You could see 2 death yaks, 2 yaks and an orc warrior.

Vanquished Creatures
  6 yaks
  Menkaure (D:4)
  An orc warrior (D:8)
  An ogre (D:3)
  2 centaurs
  2 phantoms (D:5)
  Blork the orc (D:4)
  A gnoll sergeant (D:8)
  3 bullfrogs (D:8)
  4 scorpions
  A howler monkey (D:5)
  3 orc priests
  Crazy Yiuf (D:4)
  5 hounds
  3 jellies
  Jessica (D:2)
  Ijyb (D:4)
  Natasha (twice) (D:2)
  3 iguanas
  5 orc wizards
  3 sleepcaps (D:4)
  13 gnolls
  7 adders
  A shadow imp (D:6)
  2 worms (D:2)
  A dart slug (D:4)
  26 orcs
  A bat (D:2)
  An endoplasm (D:4)
  2 giant cockroaches
  10 goblins
  3 hobgoblins
  5 jackals
  A quokka (D:3)
  A ball python (D:4)
  A frilled lizard (D:3)
  3 kobolds (D:4)
  2 rats (D:3)
130 creatures vanquished.

Vanquished Creatures (others)
  149 foxfires
149 creatures vanquished.

Grand Total: 279 creatures vanquished

Notes
Turn   | Place    | Note
-------+----------+-------------------------------------------
     0 | D:1      | hawla the Meteoran Fire Elementalist began the quest for
                  | the Orb.
     0 | D:1      | Reached XP level 1. HP: 14/14 MP: 5/5
    65 | D:2      | Noticed Natasha
    71 | D:2      | Killed Natasha
    72 | D:2      | Reached skill level 4 in Fire Magic
    72 | D:2      | Reached XP level 2. HP: 19/20 MP: 1/7
    72 | D:2      | Reached XP level 3. HP: 25/26 MP: 1/8
    75 | D:2      | Learned a level 2 spell: Scorch
   132 | D:2      | Reached XP level 4. HP: 33/33 MP: 2/9
   168 | D:2      | Noticed Jessica
   172 | D:2      | Killed Jessica
   173 | D:2      | Reached XP level 5. HP: 38/38 MP: 6/10
   212 | D:2      | Noticed Natasha
   218 | D:2      | Killed Natasha
   244 | D:2      | Learned a level 4 spell: Flame Wave
   304 | D:3      | Reached skill level 5 in Fire Magic
   304 | D:3      | Reached XP level 6. HP: 45/45 MP: 2/11
   331 | D:3      | Reached skill level 5 in Conjurations
   395 | D:3      | Noticed an ogre
   400 | D:3      | Killed an ogre
   401 | D:3      | Reached XP level 7. HP: 34/50 MP: 3/12
   580 | D:3      | Identified the +5 ring mail "Wuokh" {+Blink Will- SInv}
   585 | D:3      | Reached skill level 6 in Fire Magic
   636 | D:4      | Found a burning altar of Makhleb.
   748 | D:4      | Noticed Menkaure
   753 | D:4      | Killed Menkaure
   801 | D:4      | Found a shadowy altar of Dithmenos.
   803 | D:4      | Noticed Blork the orc
   809 | D:4      | Killed Blork the orc
   810 | D:4      | Reached skill level 7 in Fire Magic
   831 | D:4      | Reached XP level 8. HP: 46/57 MP: 8/13
   880 | D:4      | Noticed Ijyb
   886 | D:4      | Killed Ijyb
   924 | D:4      | HP: 1/57 [sleepcap (2)]
   965 | D:4      | Found a runed translucent door.
   966 | D:4      | Noticed Crazy Yiuf
   972 | D:4      | Killed Crazy Yiuf
  1187 | D:5      | Entered Level 5 of the Dungeon
  1213 | D:5      | Reached skill level 8 in Fire Magic
  1416 | D:5      | Reached skill level 9 in Fire Magic
  1420 | D:5      | Gained mutation: You passively map the area around you.
                  | [Meteoran growth]
  1420 | D:5      | Reached XP level 9. HP: 8/62 MP: 2/14
  1609 | D:5      | Found a blossoming altar of Fedhas.
  1639 | D:5      | Found a hazy altar of Hepliaklqana.
  1787 | D:5      | Reached skill level 10 in Fire Magic
  1901 | D:6      | Found a staircase to the Ecumenical Temple.
  2001 | Temple   | Entered the Ecumenical Temple
  2049 | Temple   | Became a worshipper of Vehumet
  2140 | D:7      | Reached skill level 1 in Throwing
  2140 | D:7      | Reached skill level 1 in Evocations
  2169 | D:7      | Reached skill level 5 in Throwing
  2195 | D:8      | Noticed a death yak
  2202 | D:8      | Noticed a death yak
  2205 | D:8      | Reached XP level 10. HP: 20/69 MP: 2/15
  2205 | D:8      | HP: 3/69 [death yak (10)]
  2310 | D:8      | Found a sparkling altar of Nemelex Xobeh.
  2344 | D:8      | Reached skill level 11 in Fire Magic
  2559 | D:8      | Noticed a death yak
  2562 | D:8      | Found a staircase to the Lair.
  2577 | D:8      | Reached * piety under Vehumet
  2577 | D:8      | Offered knowledge of Shock by Vehumet.
  2578 | D:8      | Reached skill level 1 in Fighting
  2580 | D:8      | Demolished by a death yak

Illustrated notes

Levels and vault maps discovered:
D:1:      amcnicky_arrival_abandoned_market, layout_loops_cross,
          ebering_ecumenical_altar_ruins
D:2:      layout_rooms, uniq_sigmund, uniq_jessica, uniq_natasha
D:3:      layout_rooms, minmay_ogre_servants
D:4:      layout_rooms, mainiacjoe_overflow_alcove_4,
          mainiacjoe_overflow_surrounded_room, hellmonk_no_cap,
          uniq_crazy_yiuf_cottage, uniq_ijyb, uniq_menkaure, uniq_blork_the_orc
D:5:      layout_basic, overflow_temple_1_default, general_overflow_altar
D:6:      layout_basic, tso_altar, minmay_temple_entry_wispy
D:7:      layout_loops_corners, marbit_many_paths,
          mainiacjoe_overflow_cross_hatched, nicolae_overflow_squiral,
          serial_shops, nicolae_shop_hallway_plus,
          chequers_serial_rivers_small_3, chequers_mini_garden
D:8:      layout_gridville, nicolae_overflow_crystal_walls, zin_treasury,
          dpeg_lair_monsters, minmay_misc_feat_x
Temple:   hellmonk_temple_of_storms

Skill      XL: |  1  2  3  4  5  6  7  8  9 10 |
---------------+-------------------------------+-----
Spellcasting   | 3 4 |  4.4
Fire Magic     | 4 5 7 9 10 11 | 11.5
Conjurations   | 2 3 4 5 6 7 8 |  8.3
Throwing       | 5 6 |  6.0
Evocations     | 3 |  3.0
Fighting       | 1 |  1.0
Dodging        | 3 |  3.0
Maces & Flails | |  0.2
Stealth        | |  1.4

Action                     |  1- 3 |  4- 6 |  7- 9 | 10-12 || total
---------------------------+-------+-------+-------+-------++-------
  Melee: Unarmed           |     6 |     2 |       |       ||     8
         Flail             |       |     8 |    31 |       ||    39
  Throw: Dart              |       |       |       |     2 ||     2
   Cast: Foxfire           |    14 |    34 |    30 |    11 ||    89
         Scorch            |       |     9 |    42 |     8 ||    59
         Flame Wave        |       |     2 |    16 |     6 ||    24
    Use: Potion            |       |     1 |     1 |     2 ||     4
         Scroll            |       |     1 |     4 |     3 ||     8
 Armour: Robe              |     2 |     1 |    14 |     2 ||    19
  Dodge: Dodged            |     5 |     9 |    51 |    11 ||    76
  Block: Orb               |       |       |       |     2 ||     2
